 Dungeon Crawl Stone Soup version 0.16.1-18-g436b03c (webtiles) character file.

34 Leviathan2552 the Insei (level 3, -7/28 HPs)
             Began as a Demigod Transmuter on May 2, 2015.
             Killed from afar by Sigmund (11 damage)
             ... with a puff of flame
             ... on level 2 of the Dungeon.
             The game lasted 00:05:48 (2192 turns).

Leviathan2552 the Insei (Demigod Transmuter)        Turns: 2192, Time: 00:05:48

Health: -7/28      AC:  2    Str: 13    XL:     3   Next: 1%
Magic:  4/7        EV: 12    Int: 19    God:
Gold:   80         SH:  0    Dex: 16    Spells: 2 memorised, 1 level left

rFire  . . .     SeeInvis .     a - +0 spear
rCold  . . .     Clarity  .     c - +0 robe
rNeg   . . .     SustAb   +     (no shield)
rPois  .         Gourm    .     (no helmet)
rElec  .         Spirit   .     (no cloak)
rCorr  .         Warding  .     (no gloves)
rMut   .         Stasis   .     (no boots)
MR     .....                    (no amulet)
Stlth  +.........               (no ring)
                                (no ring)

@: confused, very slightly contaminated, not resistant to hostile enchantments,
very unstealthy
A: sustain abilities
a: no special abilities


You were on level 2 of the Dungeon.
You were not hungry.

You visited 1 branch of the dungeon, and saw 2 of its levels.

You collected 80 gold pieces.

Inventory:

Hand weapons
 a - a +0 spear (weapon)
 g - a +0 short sword
Missiles
 b - 81 arrows
Armour
 c - a +0 robe (worn)
Jewellery
 n - a cursed ring of teleportation {unknown}
Scrolls
 i - a scroll of enchant weapon {unknown}
 k - a scroll of random uselessness {unknown}
 m - a scroll of identify {unknown}
Potions
 e - a potion of restore abilities {unknown}
 f - 3 potions of curing {unknown}
 l - a potion of heal wounds {unknown}
Books
 d - a book of Changes

   Spells                             Type                      Level
   a - Beastly Appendage              Transmutation                1
   b - Sticks to Snakes               Transmutation                2
   c - Spider Form                    Transmutation/Poison         3
   d - Ice Form                       Ice/Transmutation            4
   e - Blade Hands                    Transmutation                5
Comestibles
 h - a bread ration
 j - a meat ration


   Skills:
 + Level 1.0 Fighting
 + Level 0.6 Short Blades
 + Level 2.0 Dodging
 + Level 0.4 Stealth
 + Level 3.3 Unarmed Combat
 + Level 1.9 Spellcasting
 + Level 1.9 Transmutations


You had one spell level left.
You knew the following spells:

 Your Spells              Type           Power        Failure   Level  Hunger
a - Beastly Appendage     Trmt           #.....       10%         1    #......
b - Spider Form           Trmt/Pois      #.........   38%         3    ###....


Dungeon Overview and Level Annotations

Branches:
Dungeon (2/15)

Annotations:
D:2 Sigmund


Innate Abilities, Weirdness & Mutations

Your attributes are resistant to harm.


Message History

You hear a zap.
You are confused.
You hear a zap.
Something tries to affect you, but you resist.
You hear a zap.
Something tries to affect you, but you resist.
You closely miss something.
You hear some strange, mumbled words.
Something tries to affect you, but you resist.
You hear a zap.
Something tries to affect you, but you resist.
You feel less confused.
You hear some strange, mumbled words.
The puff of flame hits you!
* * * LOW HITPOINT WARNING * * *
You hear a zap.
You are confused.
Something tries to affect you, but you resist.
The puff of flame hits you!
You die...

#.........).............#.#.#
#.
#.#########.##...########.#.#
#. #'####### #.#........#
#.#.# #. ........#
#.#....###.# #.#.# ##
........# #.#...<..#.# #.#.#
........# #.#...{#.#.# #.#.#
........# #.#.##.#.#?# #.#.#
........# #.#......#.# #.#..
........###.####@###.#
.....................#
#+###......######.####
#+###...!..# #..#
...........# ##.#
...........# .# .$.)...(...#
.. ...........# #.#
...........# ..


There were no monsters in sight!

Vanquished Creatures
  A giant mite (D:1)
  A giant gecko (D:1)
  An ooze (D:1)
  2 bats (D:1)
  4 giant cockroaches
  4 goblins
  4 hobgoblins (D:1)
  A giant newt (D:1)
  4 kobolds (D:1)
  2 rats (D:1)
24 creatures vanquished.

Notes
Turn   | Place    | Note
--------------------------------------------------------------
     0 | D:1      | Leviathan2552, the Demigod Transmuter, began the quest for the Orb.
     0 | D:1      | Reached XP level 1. HP: 15/15 MP: 3/3
   441 | D:1      | Reached skill level 3 in Unarmed Combat
   602 | D:1      | Reached XP level 2. HP: 16/22 MP: 4/4
   844 | D:1      | Reached skill level 1 in Fighting
  1860 | D:2      | Found a glowing golden altar of the Shining One.
  2045 | D:2      | Reached XP level 3. HP: 26/28 MP: 7/7
  2046 | D:2      | Noticed Sigmund
  2095 | D:1      | Learned a level 3 spell: Spider Form
  2192 | D:2      | Killed from afar by Sigmund

Action                   || total
-------------------------++-------
Melee: Short sword       ||    84
       Unarmed           ||     7
       Spear             ||     5
 Cast: Beastly Appendage ||     4
       Spider Form       ||     1
 Stab: Sleeping          ||     1
  Eat: Bread ration      ||     1
